 Dungeon Crawl Stone Soup version 0.29.0-4-gdea44cf6ec (webtiles) character file.

Game seed: 5660193253608014861

65 Flugkiller the Covered (level 3, -18/33 HPs)
             Began as a Minotaur Fighter on Aug 27, 2022.
             Killed from afar by Sigmund (21 damage)
             ... with a bolt of dispelling energy
             ... on level 2 of the Dungeon.
             The game lasted 00:00:37 (1071 turns).

Flugkiller the Covered (Minotaur Fighter)           Turns: 1071, Time: 00:00:38

Health: -18/33     AC:  7    Str: 18    XL:     3   Next: 94%
Magic:  2/2        EV:  9    Int:  5    God:
Gold:   171        SH:  4    Dex:  9    Spells: 2/2 levels left

rFire   . . .      SeeInvis .   a - +0 war axe
rCold   . . .      Faith    .   c - +0 buckler
rNeg    . . .      Spirit   .   b - +0 scale mail
rPois   .          Reflect  .   (helmet restricted)
rElec   .          Harm     .   (no cloak)
rCorr   .          Rampage  .   (no gloves)
Will    +....                   (no boots)
Stlth   ..........              (no amulet)
HPRegen 0.11/turn               (no ring)
MPRegen 0.08/turn               (no ring)

@: no status effects
A: horns 2, retaliatory headbutt, clumsy 1, strong-willed 1, weak 1
a: no special abilities


You were on level 2 of the Dungeon.
You visited 1 branch of the dungeon, and saw 2 of its levels.

You collected 171 gold pieces.

Inventory:

Hand Weapons
 a - a +0 war axe (weapon)
Armour
 b - a +0 scale mail (worn)
 c - a +0 buckler (worn)
Jewellery
 g - a ring of fire
   (You found it on level 1 of the Dungeon)
Scrolls
 e - a scroll of fear {unknown}
 f - a scroll of summoning {unknown}
 i - a scroll of teleportation {unknown}
 j - a scroll of enchant armour {unknown}
 l - 2 scrolls of torment {unknown}
Potions
 d - a potion of might
 m - a potion of curing {unknown}


   Skills:
 + Level 4.2 Fighting
 * Level 4.0 Axes
 + Level 4.3 Armour
 - Level 3.6 Shields


You had 2 spell levels left.
You didn't know any spells.
Your spell library was empty.

Dungeon Overview and Level Annotations

Branches:
Dungeon (2/15)

Altars:

Shops:
D:2 (

Annotations:
D:2 Sigmund


Innate Abilities, Weirdness & Mutations

You have a pair of horns on your head.
You reflexively headbutt those who attack you in melee.
You are clumsy. (Dex -2)
You are strong-willed. (Will+)
You are weak. (Str -2)


Message History

An adder comes into view.
An adder is nearby!
Found a stone staircase leading down.
An adder is nearby!
The adder closely misses you.
You closely miss the adder. The adder barely misses you.
The adder bites you but does no damage.
You slash the adder!
You kill the adder!
Your Axes skill increases to level 4!
No target in view!
No target in view!
No target in view!
No target in view!
No target in view!
A goblin comes into view. It is wielding a +0 dagger.
The goblin shouts!
A goblin is nearby!
A goblin is nearby!
A ball python comes into view.
Found 10 gold pieces.
The ball python hisses angrily.
The goblin completely misses you.
You hit the ball python.
You kill the ball python!
You barely miss the goblin. The goblin closely misses you.
You slash the goblin!
You kill the goblin!
No target in view!
No target in view!
No target in view!
No target in view!
Found a stone staircase leading up.
You now have 171 gold pieces (gained 10).
Found Rozovuw's Antique Weapon Boutique.
Found an escape hatch in the ceiling.
k - a viscous grey potion
There is an entrance to Rozovuw's Antique Weapon Boutique here.
Found a book of Winter.
You see here a book of Winter.
A bat comes into view.
A bat is nearby!
A bat is nearby!
You closely miss the bat. You block the bat's attack.
The bat hits you but does no damage.
A frilled lizard comes into view.
The bat hits you but does no damage.
The frilled lizard moves out of view.
Found a scroll labelled GUCWED KEDUXT.
You block the bat's attack.
You slash the bat!
You kill the bat!
The frilled lizard barely misses you. You furiously retaliate!
You headbutt the frilled lizard!
You kill the frilled lizard!
No target in view!
l - a scroll labelled GUCWED KEDUXT
l - 2 scrolls labelled GUCWED KEDUXT (gained 1)
Found 6 poisoned darts.
No target in view!
No target in view!
No target in view!
No target in view!
No target in view!
No target in view!
You see here 6 poisoned darts.
Found a stone staircase leading down.
You see here a +0 ring mail.
There is a stone staircase leading down here.
There is a stone staircase leading down here.
You see here a +0 ring mail.
m - a glowing pink potion Sigmund the Dreaded comes into view.
He is wielding a +0 scythe, wearing a +2 robe of positive energy and carrying a wand of quicksilver (8).
Sigmund is nearby!
Sigmund is nearby!
Sigmund zaps a wand.
The bolt of dispelling energy hits you!!
Ouch! That really hurt!
You are too injured to fight recklessly!
You are too injured to fight recklessly!
You are too injured to fight recklessly!
Sigmund barely misses you. Sigmund casts a spell at you.
The puff of flame hits you.
It was a potion of flight.
You feel very buoyant.
You fly up into the air.
Sigmund barely misses you.
It was a potion of mutation.
You feel extremely strange.
You feel strong-willed.
You feel weaker.
You feel clumsy.
You closely miss Sigmund.
Sigmund zaps a wand.
The bolt of dispelling energy hits you!
Your magical effects are unravelling.
* * * LOW HITPOINT WARNING * * *
You closely miss Sigmund. You headbutt Sigmund!
Sigmund is moderately wounded.
You float gracefully downwards.
Sigmund hits you but does no damage.
You slash Sigmund!
Sigmund is severely wounded.
Sigmund zaps a wand.
The bolt of dispelling energy hits you!!
Ouch! That really hurt!
You die...

#.#
#..#
####.#
#..#
#....#
#..#
#.####
#..#
#.#
#..#
#.#
#...
#.#
##.#
#.#
#.#
#@#
#..
#@#
###
#.#
#..
###


You could see Sigmund.

Vanquished Creatures
  2 adders (D:2)
  2 worms (D:2)
  A dart slug (D:1)
  6 endoplasms (D:1)
  2 giant cockroaches (D:1)
  3 goblins
  3 hobgoblins
  3 kobolds (D:1)
  6 ball pythons
  5 bats
  3 frilled lizards
  5 rats (D:1)
41 creatures vanquished.

Vanquished Creatures (others)
  7 fungi (D:1)
  3 toadstools (D:1)
10 creatures vanquished.

Grand Total: 51 creatures vanquished

Notes
Turn   | Place    | Note
-------+----------+-------------------------------------------
     0 | D:1      | Flugkiller the Minotaur Fighter began the quest for the
                  | Orb.
     0 | D:1      | Reached XP level 1. HP: 19/19 MP: 0/0
    38 | D:1      | Reached XP level 2. HP: 26/27 MP: 1/1
    89 | D:1      | Found a faded altar of an unknown god.
   338 | D:1      | Reached XP level 3. HP: 31/33 MP: 2/2
   906 | D:2      | Found Rozovuw's Antique Weapon Boutique.
  1062 | D:2      | Noticed Sigmund
  1068 | D:2      | Gained mutation: You are strong-willed. (Will+) [potion of
                  | mutation]
  1068 | D:2      | Gained mutation: You are weak. (Str -2) [potion of
                  | mutation]
  1068 | D:2      | Gained mutation: You are clumsy. (Dex -2) [potion of
                  | mutation]
  1071 | D:2      | Killed from afar by Sigmund

Illustrated notes

Levels and vault maps discovered:
D:1:      enne_arrival_octagon_isle, layout_rooms,
          hellmonk_ecumenical_altar_crossroads, minmay_gold_behind_fungi
D:2:      layout_loops_ring, serial_shops, shop, uniq_sigmund

Skill      XL: |  1  2  3 |
---------------+----------+-----
Axes           | 3 4 |  4.0
Armour         | 4 |  4.3
Fighting       | 4 |  4.2
Shields        | |  3.6

Action                   || total
-------------------------++-------
Melee: War axe           ||    67
       Headbutt          ||    16
  Use: Potion            ||     2
Armor: Scale mail        ||    24
Dodge: Dodged            ||    37
Block: Buckler           ||    13
